| TOP OF THE 1ST |
|
Roswell Invaders batting - Pitching for Joplin Blasters : RHP Chris Elliott
|
|
Pitching: RHP Chris Elliott
|
|
|
Batting: LHB Jalen Williams
|
0-0: Called Strike 0-1: Ball 1-1: Ball 2-1: Fly out, F8 (Flyball, 78D, EV 99.4 MPH)
|
|
Batting: RHB Shing Mah
|
0-0: Ball 1-0: Fly out, F4 (Popup, 4, EV 79.4 MPH)
|
|
Batting: LHB Julio Zamora
|
0-0: Foul Ball, location: 2F 0-1: DOUBLE (Flyball, 7D, EV 104.4 MPH)
|
|
Batting: RHB Benjie Alejandro
|
0-0: Ball 1-0: Ball 2-0: Reached on error, E6 (Groundball, 6, EV 85.6 MPH) Julio Zamora scores
|
|
Batting: LHB Adam Spence
|
0-0: Called Strike 0-1: Called Strike 0-2: Ball 1-2: Foul Ball, location: 2F 1-2: Fly out, F8 (Flyball, 8LD, EV 100.0 MPH)
|
| Top of the 1st over - 1 run, 1 hit, 1 error, 1 left on base; Roswell 1 - Joplin 0 |
| BOTTOM OF THE 1ST |
|
Joplin Blasters batting - Pitching for Roswell Invaders : RHP Xavier Reed
|
|
Pitching: RHP Xavier Reed
|
|
|
Batting: RHB Colin Padgett
|
0-0: Called Strike 0-1: Ball 1-1: Ball 2-1: Foul Ball, location: 2F 2-2: Foul Ball, location: 2F 2-2: Fly out, F9 (Flyball, 9D, EV 81.2 MPH)
|
|
Batting: RHB Bill Cranton
|
0-0: Ball 1-0: Ball 2-0: Ball 3-0: Called Strike 3-1: Base on Balls
|
|
Batting: SHB Gary Woodroffe
|
0-0: Ball 1-0: Swinging Strike 1-1: Ball 2-1: Ball 3-1: Base on Balls Bill Cranton to second
|
|
Batting: RHB Carlos Castillo
|
0-0: Called Strike 0-1: Ball 1-1: Ball 2-1: Called Strike 2-2: SINGLE (Groundball, 34D, EV 106.9 MPH) Bill Cranton to third Gary Woodroffe to second Runner from 3rd tries for Home, SAFE, throw by RF to home Gary Woodroffe to third Carlos Castillo to second
|
|
Batting: LHB Josh Lane
|
0-0: Called Strike 0-1: Ball 1-1: Ball 2-1: SINGLE (Line Drive, 34, EV 105.0 MPH) Gary Woodroffe scores Carlos Castillo to third
|
|
Batting: RHB Esteban Acuna
|
0-0: Ball 1-0: Swinging Strike 1-1: Swinging Strike 1-2: Strikes out looking
|
|
Batting: LHB Willie Marquez
|
0-0: Called Strike 0-1: Swinging Strike 0-2: Ball 1-2: Strikes out swinging
|
| Bottom of the 1st over - 2 runs, 2 hits, 0 errors, 2 left on base; Roswell 1 - Joplin 2 |
| TOP OF THE 2ND |
|
Roswell Invaders batting - Pitching for Joplin Blasters : RHP Chris Elliott
|
|
Batting: RHB Jason Hanson
|
0-0: Called Strike 0-1: Fly out, F7 (Flyball, 7LM, EV 96.2 MPH)
|
|
Batting: RHB Shinichi Miyamoto
|
0-0: Fly out, F9 (Flyball, 89M, EV 93.8 MPH)
|
|
Batting: LHB Matt Tanner
|
0-0: Called Strike 0-1: Ball 1-1: SINGLE (Groundball, 25, EV 66.2 MPH) (infield hit)
|
|
Batting: SHB Sandy Burke
|
0-0: Ball 1-0: Ground out 5-3 (Groundball, 56, EV 105.0 MPH)
|
| Top of the 2nd over - 0 runs, 1 hit, 0 errors, 1 left on base; Roswell 1 - Joplin 2 |
| BOTTOM OF THE 2ND |
|
Joplin Blasters batting - Pitching for Roswell Invaders : RHP Xavier Reed
|
|
Batting: RHB Bobby Leon
|
0-0: Ball 1-0: Called Strike 1-1: Ball 2-1: Foul Ball, location: 2F 2-2: Strikes out swinging
|
|
Batting: RHB Danny Jefferies
|
0-0: Foul Ball, location: 2F 0-1: Ball 1-1: Foul Ball, location: 2F 1-2: Ball 2-2: Foul Ball, location: 2F 2-2: Strikes out swinging
|
|
Batting: RHB Colin Padgett
|
0-0: Ball 1-0: Ground out 5-3 (Groundball, 56, EV 83.1 MPH)
|
| Bottom of the 2nd over - 0 runs, 0 hits, 0 errors, 0 left on base; Roswell 1 - Joplin 2 |
| TOP OF THE 3RD |
|
Roswell Invaders batting - Pitching for Joplin Blasters : RHP Chris Elliott
|
|
Batting: LHB Jalen Williams
|
0-0: Called Strike 0-1: TRIPLE (Flyball, 9D, EV 98.1 MPH)
|
|
Batting: RHB Shing Mah
|
0-0: Fly out, F8 (Flyball, 8LM, EV 83.8 MPH) Runner from 3rd tags up, SCORES, throw by CF
|
|
Batting: LHB Julio Zamora
|
0-0: Ball 1-0: Ball 2-0: Ball 3-0: Called Strike 3-1: Swinging Strike 3-2: Fly out, F5 (Popup, 25F, EV 90.0 MPH)
|
|
Batting: RHB Benjie Alejandro
|
0-0: SINGLE (Groundball, 6, EV 100.0 MPH)
|
|
Batting: LHB Adam Spence
|
0-0: Called Strike 0-1: Swinging Strike 0-2: Ball 1-2: Ball 2-2: Foul Ball, location: 2F 2-2: Ground out 1-3 (Groundball, 15S, EV 68.1 MPH)
|
| Top of the 3rd over - 1 run, 2 hits, 0 errors, 1 left on base; Roswell 2 - Joplin 2 |
| BOTTOM OF THE 3RD |
|
Joplin Blasters batting - Pitching for Roswell Invaders : RHP Xavier Reed
|
|
Batting: RHB Bill Cranton
|
0-0: Foul Ball, location: 2F 0-1: Foul Ball, location: 2F 0-2: Ball 1-2: Ball 2-2: Ball 3-2: Foul Ball, location: 2F 3-2: Foul Ball, location: 2F 3-2: Ground out 6-3 (Groundball, 6, EV 101.9 MPH)
|
|
Batting: SHB Gary Woodroffe
|
0-0: Ball 1-0: Ball 2-0: Foul Ball, location: 2F 2-1: SINGLE (Flyball, 89S, EV 94.4 MPH)
|
|
Batting: RHB Carlos Castillo
|
0-0: Ball 1-0: Called Strike 1-1: Fly out, F9 (Flyball, 9D, EV 95.6 MPH)
|
|
Batting: LHB Josh Lane
|
0-0: Called Strike 0-1: Swinging Strike 0-2: Ground out 4-3 (Groundball, 4, EV 92.5 MPH)
|
| Bottom of the 3rd over - 0 runs, 1 hit, 0 errors, 1 left on base; Roswell 2 - Joplin 2 |
| TOP OF THE 4TH |
|
Roswell Invaders batting - Pitching for Joplin Blasters : RHP Chris Elliott
|
|
Batting: RHB Jason Hanson
|
0-0: Ground out 5-3 (Groundball, 56, EV 81.2 MPH)
|
|
Batting: RHB Shinichi Miyamoto
|
0-0: Ball 1-0: Ball 2-0: Called Strike 2-1: Fly out, F8 (Flyball, 8RXD, EV 96.9 MPH)
|
|
Batting: LHB Matt Tanner
|
0-0: Ball 1-0: Called Strike 1-1: Foul Ball, location: 2F 1-2: Foul Ball, location: 2F 1-2: Strikes out looking
|
| Top of the 4th over - 0 runs, 0 hits, 0 errors, 0 left on base; Roswell 2 - Joplin 2 |
| BOTTOM OF THE 4TH |
|
Joplin Blasters batting - Pitching for Roswell Invaders : RHP Xavier Reed
|
|
Batting: RHB Esteban Acuna
|
0-0: Called Strike 0-1: Foul Ball, location: 2F 0-2: Foul Ball, location: 2F 0-2: Strikes out looking
|
|
Batting: LHB Willie Marquez
|
0-0: Called Strike 0-1: Swinging Strike 0-2: Ball 1-2: Strikes out looking
|
|
Batting: RHB Bobby Leon
|
0-0: Called Strike 0-1: Called Strike 0-2: Foul Ball, location: 2F 0-2: Foul Ball, location: 2F 0-2: Ball 1-2: Ball 2-2: Strikes out swinging
|
| Bottom of the 4th over - 0 runs, 0 hits, 0 errors, 0 left on base; Roswell 2 - Joplin 2 |
| TOP OF THE 5TH |
|
Roswell Invaders batting - Pitching for Joplin Blasters : RHP Chris Elliott
|
|
Batting: SHB Sandy Burke
|
0-0: Called Strike 0-1: Ball 1-1: Ball 2-1: Ball 3-1: Base on Balls
|
|
Batting: LHB Jalen Williams
|
0-0: Called Strike 0-1: Swinging Strike 0-2: Hit by Pitch Sandy Burke to second
|
|
Batting: RHB Shing Mah
|
0-0: Ball 1-0: Foul Ball, location: 2F 1-1: Swinging Strike 1-2: Foul Ball, location: 2F 1-2: Foul Ball, location: 2F 1-2: Strikes out swinging
|
|
Batting: LHB Julio Zamora
|
0-0: Hit by Pitch Sandy Burke to third Jalen Williams to second
|
|
Batting: RHB Benjie Alejandro
|
0-0: Swinging Strike 0-1: Ball 1-1: Called Strike 1-2: Strikes out looking
|
|
Batting: LHB Adam Spence
|
0-0: Ball 1-0: Ball 2-0: Foul Ball, location: 2F 2-1: SINGLE (Line Drive, 6D, EV 96.2 MPH) Sandy Burke scores Jalen Williams to third Julio Zamora to second
|
|
Batting: RHB Jason Hanson
|
0-0: Fly out, F7 (Flyball, 7, EV 90.6 MPH)
|
| Top of the 5th over - 1 run, 1 hit, 0 errors, 3 left on base; Roswell 3 - Joplin 2 |
| BOTTOM OF THE 5TH |
|
Joplin Blasters batting - Pitching for Roswell Invaders : RHP Xavier Reed
|
|
Batting: RHB Danny Jefferies
|
0-0: Hit by Pitch
|
|
Batting: RHB Colin Padgett
|
0-0: Ball 1-0: SINGLE (Groundball, 4MS, EV 65.0 MPH) (infield hit) Danny Jefferies to second
|
|
Batting: RHB Bill Cranton
|
0-0: Ball 1-0: Ball 2-0: Called Strike 2-1: Ball Wild Pitch! Danny Jefferies to third Colin Padgett to second 3-1: Base on Balls
|
|
Batting: SHB Gary Woodroffe
|
0-0: Grounds into fielders choice 1-2 (Groundball, 13, EV 65.0 MPH) Colin Padgett to third Bill Cranton to second
|
|
Batting: RHB Carlos Castillo
|
0-0: Called Strike 0-1: Foul Ball, location: 2F 0-2: Ball 1-2: Strikes out swinging
|
|
Batting: LHB Josh Lane
|
0-0: Called Strike 0-1: Swinging Strike 0-2: Foul Ball, location: 2F 0-2: Ball 1-2: Strikes out swinging
|
| Bottom of the 5th over - 0 runs, 1 hit, 0 errors, 3 left on base; Roswell 3 - Joplin 2 |
| TOP OF THE 6TH |
|
Roswell Invaders batting - Pitching for Joplin Blasters : RHP Chris Elliott
|
|
Batting: RHB Shinichi Miyamoto
|
0-0: Ball 1-0: Fly out, F7 (Flyball, 78M, EV 88.8 MPH)
|
|
Batting: LHB Matt Tanner
|
0-0: Ball 1-0: Foul Ball, location: 2F 1-1: Ball 2-1: Ground out 4-3 (Groundball, 4, EV 77.5 MPH)
|
|
Batting: SHB Sandy Burke
|
0-0: Ground out U3 (Groundball, 3S, EV 81.2 MPH)
|
| Top of the 6th over - 0 runs, 0 hits, 0 errors, 0 left on base; Roswell 3 - Joplin 2 |
| BOTTOM OF THE 6TH |
|
Joplin Blasters batting - Pitching for Roswell Invaders : RHP Xavier Reed
|
|
Batting: RHB Esteban Acuna
|
0-0: Ball 1-0: Foul Ball, location: 2F 1-1: Called Strike 1-2: Strikes out swinging
|
|
Batting: LHB Willie Marquez
|
0-0: Ground out 4-3 (Groundball, 4, EV 87.5 MPH)
|
|
Batting: RHB Bobby Leon
|
0-0: Ball 1-0: Foul Ball, location: 2F 1-1: Ball 2-1: Swinging Strike 2-2: Ball 3-2: Strikes out swinging
|
| Bottom of the 6th over - 0 runs, 0 hits, 0 errors, 0 left on base; Roswell 3 - Joplin 2 |
| TOP OF THE 7TH |
|
Roswell Invaders batting - Pitching for Joplin Blasters : RHP Chris Elliott
|
|
Batting: LHB Jalen Williams
|
0-0: Called Strike 0-1: Called Strike 0-2: Ball 1-2: Foul Ball, location: 2F 1-2: Strikes out looking
|
|
Pitching: RHP Aaron Blackwell
|
|
|
Batting: RHB Shing Mah
|
0-0: Called Strike 0-1: Foul Ball, location: 2F 0-2: Fly out, F8 (Flyball, 8LM, EV 86.9 MPH)
|
|
Batting: LHB Julio Zamora
|
0-0: Foul Ball, location: 2F 0-1: Ball 1-1: Ball 2-1: Foul Ball, location: 2F 2-2: Foul Ball, location: 2F 2-2: Strikes out swinging
|
| Top of the 7th over - 0 runs, 0 hits, 0 errors, 0 left on base; Roswell 3 - Joplin 2 |
| BOTTOM OF THE 7TH |
|
Joplin Blasters batting - Pitching for Roswell Invaders : RHP Xavier Reed
|
|
Pitching: RHP Erik Stegenga
|
|
|
Pinch Hitting: RHB Kevin Lea
|
0-0: Foul Ball, location: 2F 0-1: Ball 1-1: Called Strike 1-2: Strikes out looking
|
|
Batting: RHB Colin Padgett
|
0-0: Ball 1-0: Foul Ball, location: 2F 1-1: Ball 2-1: Foul Ball, location: 2F 2-2: Ball 3-2: Foul Ball, location: 2F 3-2: Strikes out swinging
|
|
Batting: RHB Bill Cranton
|
0-0: Ball 1-0: Ball 2-0: Ball 3-0: Called Strike 3-1: Base on Balls
|
|
Batting: SHB Gary Woodroffe
|
0-0: Ball 1-0: Ball Bill Cranton is caught stealing 2nd base 2-6
|
| Bottom of the 7th over - 0 runs, 0 hits, 0 errors, 0 left on base; Roswell 3 - Joplin 2 |
| TOP OF THE 8TH |
|
Roswell Invaders batting - Pitching for Joplin Blasters : RHP Aaron Blackwell
|
|
Now in LF: Matt Weddle
|
|
|
Batting: RHB Benjie Alejandro
|
0-0: Ball 1-0: Ball 2-0: Ball 3-0: Base on Balls
|
|
Batting: LHB Adam Spence
|
0-0: Called Strike 0-1: Called Strike 0-2: Ball 1-2: Foul Ball, location: 2F 1-2: Foul Ball, location: 2F 1-2: Strikes out looking
|
|
Batting: RHB Jason Hanson
|
0-0: Swinging Strike 0-1: Ball 1-1: Ball 2-1: Foul Ball, location: 2F 2-2: Foul Ball, location: 2F 2-2: Ball Balk! Benjie Alejandro to second 3-2: Intentional Walk
|
|
Batting: RHB Shinichi Miyamoto
|
0-0: Called Strike 0-1: Ball 1-1: Foul Ball, location: 2F 1-2: Strikes out swinging
|
|
Batting: LHB Matt Tanner
|
0-0: Foul Ball, location: 2F 0-1: Ball 1-1: Swinging Strike 1-2: Foul Ball, location: 2F 1-2: Ground out U3 (Groundball, 34, EV 86.9 MPH)
|
| Top of the 8th over - 0 runs, 0 hits, 0 errors, 2 left on base; Roswell 3 - Joplin 2 |
| BOTTOM OF THE 8TH |
|
Joplin Blasters batting - Pitching for Roswell Invaders : RHP Erik Stegenga
|
|
Batting: SHB Gary Woodroffe
|
0-0: Ball 1-0: Foul Ball, location: 2F 1-1: Foul Ball, location: 2F 1-2: Ball 2-2: Strikes out swinging
|
|
Batting: RHB Carlos Castillo
|
0-0: Ball 1-0: Foul Ball, location: 2F 1-1: Called Strike 1-2: Ground out U3 (Groundball, 3, EV 110.0 MPH)
|
|
Pinch Hitting: RHB Dustin Peterson
|
0-0: Ball 1-0: Ball 2-0: Called Strike 2-1: Foul Ball, location: 2F 2-2: Hit by Pitch
|
|
Pitching: LHP Sam Davis
|
|
|
Batting: RHB Esteban Acuna
|
0-0: Called Strike 0-1: Ball 1-1: SINGLE (Groundball, 56, EV 101.9 MPH) Dustin Peterson to second
|
|
Batting: RHB Cody Marshall
|
0-0: Foul Ball, location: 2F 0-1: Called Strike 0-2: Strikes out swinging
|
| Bottom of the 8th over - 0 runs, 1 hit, 0 errors, 2 left on base; Roswell 3 - Joplin 2 |
| TOP OF THE 9TH |
|
Roswell Invaders batting - Pitching for Joplin Blasters : RHP Aaron Blackwell
|
|
Now in RF: Nate Brewer
|
|
|
Pinch Hitting: RHB Drew Sigona
|
0-0: Ball 1-0: Ball 2-0: Called Strike 2-1: Called Strike 2-2: Strikes out looking
|
|
Batting: LHB Falco van Koeveringe
|
0-0: Ball 1-0: Ball 2-0: Ball 3-0: Called Strike 3-1: Foul Ball, location: 2F 3-2: Ground out 4-3 (Groundball, 4, EV 91.2 MPH)
|
|
Batting: RHB Shing Mah
|
0-0: Called Strike 0-1: Ball 1-1: Fly out, F8 (Flyball, 8RD, EV 84.4 MPH)
|
| Top of the 9th over - 0 runs, 0 hits, 0 errors, 0 left on base; Roswell 3 - Joplin 2 |
| BOTTOM OF THE 9TH |
|
Joplin Blasters batting - Pitching for Roswell Invaders : LHP Sam Davis
|
|
Now at C: Shing Mah
|
|
|
Now at 2B: Angelo Lira
|
|
|
Now at 3B: Benjie Alejandro
|
|
|
Now at SS: Carlos Gonzalez
|
|
|
Pinch Hitting: RHB Mike McClung
|
0-0: Swinging Strike 0-1: Ball 1-1: Ball 2-1: Ground out 4-3 (Groundball, 34, EV 105.0 MPH)
|
|
Batting: RHB Matt Weddle
|
0-0: Called Strike 0-1: Called Strike 0-2: Strikes out swinging
|
|
Batting: RHB Colin Padgett
|
0-0: Swinging Strike 0-1: Swinging Strike 0-2: Strikes out swinging
|
| Bottom of the 9th over - 0 runs, 0 hits, 0 errors, 0 left on base; Roswell 3 - Joplin 2 |
|